 Dungeon Crawl Stone Soup version 0.30-a0-358-g0d69a1922f (webtiles) character file.

Game seed: 12251839089879896089

37 koil the Chopper (level 3, -3/30 HPs)
             Began as a Hill Orc Reaver on Nov 8, 2022.
             Slain by an iguana (12 damage)
             ... on level 2 of the Dungeon.
             The game lasted 00:01:50 (932 turns).

koil the Chopper (Hill Orc Reaver)                   Turns: 932, Time: 00:01:51

Health: -3/30      AC:  3    Str: 14    XL:     3   Next: 41%
Magic:  5/5        EV: 11    Int: 15    God:
Gold:   48         SH:  0    Dex:  9    Spells: 4/5 levels left

rFire   . . .      SeeInvis .    a - +0 war axe
rCold   . . .      Faith    .    (no shield)
rNeg    . . .      Spirit   .    b - +0 leather armour
rPois   .          Reflect  .    (no helmet)
rElec   .          Harm     .    (no cloak)
rCorr   .          Rampage  .    (no gloves)
Will    .....                    (no boots)
Stlth   +.........               (no amulet)
HPRegen 0.25/turn                (no ring)
MPRegen 0.09/turn                (no ring)

@: no status effects
A: no striking features
a: no special abilities


You were on level 2 of the Dungeon.
You visited 1 branch of the dungeon, and saw 2 of its levels.

You collected 48 gold pieces.

Inventory:

Hand Weapons
 a - a +0 war axe (weapon)
 h - a +0 hand axe
Armour
 b - a +0 leather armour (worn)
Scrolls
 c - 2 scrolls of fear {unknown}
 d - 2 scrolls of immolation {unknown}
 e - a scroll of teleportation {unknown}
 g - a scroll of enchant weapon {unknown}
 j - a scroll of enchant armour {unknown}
Potions
 f - a potion of curing {unknown}
 i - a potion of haste {unknown}


   Skills:
 + Level 2.8 Fighting
 + Level 4.3 Axes
 + Level 1.0 Armour
 + Level 2.0 Dodging
 + Level 1.8 Spellcasting
 + Level 3.2 Conjurations


You had 4 spell levels left.
You knew the following spells:

 Your Spells              Type           Power      Damage    Failure   Level
a - Kiss of Death         Conj/Necr      24%        2d7       14%         1

Your spell library contained the following spells:

 Spells                   Type           Power      Damage    Failure   Level
 Momentum Strike          Conj/Tloc      12%        3d8       22%         2
 Hailstorm                Conj/Ice       6%         3d4       41%         3


Dungeon Overview and Level Annotations

Branches:
Dungeon (2/15)

Altars:


Message History

No target in view!
No target in view!
You see here a giant cockroach corpse.
An endoplasm comes into view.
You hit the endoplasm.
The endoplasm is heavily wounded.
The endoplasm hits you.
You hit the endoplasm.
The endoplasm is severely wounded.
The endoplasm barely misses you.
You hit the endoplasm but do no damage.
The endoplasm is severely wounded.
The endoplasm hits you but does no damage. x2
You hit the endoplasm but do no damage.
The endoplasm is severely wounded.
The endoplasm freezes you.
You are frozen.
You hit the endoplasm.
You kill the endoplasm!
No target in view!
No target in view!
Found a stone staircase leading up.
There is a stone staircase leading up here.
An iguana and a rat come into view.
Found 5 stones.
A dart slug and a ball python come into view.
The ball python hisses angrily.
You hit the iguana but do no damage. The iguana barely misses you.
The iguana closely misses you.
You slash the iguana!
The iguana is heavily wounded.
The iguana bites you!
You barely miss the iguana.
The iguana is heavily wounded.
The iguana bites you!
* * * LOW HITPOINT WARNING * * *
You closely miss the iguana.
The iguana is heavily wounded.
The iguana bites you!
You die...

#.#.# ####### #.#.# .(..S..
#.#.############# .......
#.#.............# .......
#........######.####.......
##..............S...S.......
...######.#<...#r#..........
...# #.#..#.#l#.....w....
##.# #.#..#.#@#..........
.#.# #.####.#.#..........
...# #.. ..#.#.....#####
...# ### ###.#.....# ...#
#.#.....# ...# #.#.....#
...+ #.#.....# #..


You could see an iguana, a ball python and a rat.

Vanquished Creatures
  A dart slug (D:2)
  3 ball pythons
  3 endoplasms
  3 giant cockroaches
  7 hobgoblins (D:1)
  2 quokkas (D:1)
  5 bats
  A frilled lizard (D:1)
  2 goblins (D:1)
  2 kobolds (D:1)
  3 rats (D:1)
32 creatures vanquished.

Notes
Turn   | Place    | Note
-------+----------+-------------------------------------------
     0 | D:1      | koil the Hill Orc Reaver began the quest for the Orb.
     0 | D:1      | Reached XP level 1. HP: 18/18 MP: 3/3
   161 | D:1      | Reached XP level 2. HP: 21/25 MP: 4/4
   406 | D:1      | Reached XP level 3. HP: 29/30 MP: 5/5
   798 | D:2      | Reached skill level 1 in Armour
   932 | D:2      | Slain by an iguana

Illustrated notes

Levels and vault maps discovered:
D:1:      shiori_arrival_elements, layout_loops_ring
D:2:      layout_basic, shapermc_ecumenical_altar_gd

Skill      XL: |  1  2  3 |
---------------+----------+-----
Dodging        | 2 |  2.0
Armour         | 1 |  1.0
Fighting       | |  2.8
Axes           | |  4.3
Spellcasting   | |  1.8
Conjurations   | |  3.2

Action                   || total
-------------------------++-------
Melee: Hand axe          ||    66
       War axe           ||    31
Armor: Leather armour    ||    30
Dodge: Dodged            ||    63

Table legend: (Time is in decaauts)
 A = Elapsed time spent in this place.
 B = Non-inter-level travel time spent in this place.
 C = Inter-level travel time spent in this place.
 D = Time resting spent in this place.
 E = Time spent auto-exploring this place.
 F = Levels seen in this place.
 G = Mean time per level.
                   A        B        C        D        E       F      G
               +--------+--------+--------+--------+--------+-----+--------+
         Total |    946 |    943 |      3 |      0 |    740 |   2 |  473.0 |
       Dungeon |    946 |    943 |      3 |      0 |    740 |   2 |  473.0 |
               +--------+--------+--------+--------+--------+-----+--------+

Top non-repeatable levels by time:
     D:1: 804 daAuts
     D:2: 142 daAuts
